 Dungeon Crawl Stone Soup version 0.29-a0-319-gad05b8d819 (webtiles) character file.

Game seed: 7428034090483933430

57 Murumi the Magician (level 4, 0/33 HPs)
             Began as a Djinni Arcane Marksman on Apr 2, 2022.
             Hit by a stone thrown by Terence (3 damage)
             ... on level 2 of the Dungeon.
             The game lasted 00:08:15 (1414 turns).

Murumi the Magician (Djinni Arcane Marksman)        Turns: 1414, Time: 00:08:15

Health: 0/33       AC:  5    Str:  9    XL:     4   Next: 18%
Gold:   92         EV: 11    Int: 15    God:
                   SH:  0    Dex: 15

rFire   + + .      SeeInvis .   a - +0 short sword
rCold   x . .      Faith    .   (no shield)
rNeg    . . .      Spirit   .   c - +0 ring mail
rPois   ∞          Reflect  .   (no helmet)
rElec   .          Harm     .   (no cloak)
rCorr   .          Rampage  .   (no gloves)
Will    .....                   (boots unavailable)
Stlth   +.........              (no amulet)
HPRegen 0.11/turn               h - ring of wizardry
MPRegen 0.00/turn               (no ring)

@: flying
A: sickness immunity, fire resistance 2, cold vulnerability 1, float, innate
caster, HP casting, extra vitality 1
a: no special abilities


You were on level 2 of the Dungeon.
You visited 1 branch of the dungeon, and saw 2 of its levels.

You collected 92 gold pieces.

Inventory:

Hand Weapons
 a - a +0 short sword (weapon)
 f - a +0 hand crossbow
Armour
 c - a +0 ring mail (worn)
Jewellery
 h - a ring of wizardry (left hand)
Scrolls
 g - 3 scrolls of magic mapping
Potions
 b - a potion of lignification
 d - a potion of curing
 e - 2 potions of might
 i - a potion of degeneration {unknown}
 j - a potion of cancellation {unknown}
 k - a potion of attraction {unknown}


   Skills:
 + Level 1.8 Fighting
 - Level 2.0 Crossbows
 - Level 3.0 Dodging
 - Level 3.0 Spellcasting


You couldn't memorise any spells.
You knew the following spells:

 Your Spells              Type           Power      Damage    Failure   Level
a - Slow                  Hex            44%        N/A       6%          1
b - Inner Flame           Hex/Fire       11%        N/A       19%         3
c - Portal Projectile     Hex/Tloc       22%        N/A       19%         3
d - Cause Fear            Hex            5%         N/A       52%         4
e - Shock                 Conj/Air       44%        1d5       6%          1
Your spell library was empty.

Dungeon Overview and Level Annotations

Branches:
Dungeon (2/15)

Altars:

Annotations:
D:2 Terence


Innate Abilities, Weirdness & Mutations

You are immune to sickness and miasma.
You are immune to poison.
Your flesh is very heat resistant. (rF++)
You are vulnerable to cold. (rC-)
You float through the air rather than walking.
You learn spells naturally, not from books.
Your magical power is your life essence.
You have superior vitality. (+4 MHP)


Message History

Casting: Slow (safe; 6% risk of failure)
Confirm with . or Enter, or press ? or * to list all spells.
Aiming: Slow (safe; 6% risk of failure)
Press: ? - help, Shift-Dir - straight line, f/p - Terence
Aim: Terence, wielding a +0 mace of venom, wearing a +0 chain mail and quivering stones (chance to affect: 58%) Terence resists with significant effort.
Terence hits you with a +0 mace of venom.
Casting: Slow (safe; 6% risk of failure)
Confirm with . or Enter, or press ? or * to list all spells.
Aiming: Slow (safe; 6% risk of failure)
Press: ? - help, Shift-Dir - straight line, f/p - Terence
Aim: Terence, wielding a +0 mace of venom, wearing a +0 chain mail and quivering stones (chance to affect: 58%)
You miscast Slow.
You are very lightly contaminated with residual magic.
Nothing appears to happen.
* * * LOW HITPOINT WARNING * * *
Terence hits you with a +0 mace of venom.
* * * LOW HITPOINT WARNING * * *
Casting: Slow (safe; 6% risk of failure)
Confirm with . or Enter, or press ? or * to list all spells.
Aiming: Slow (safe; 6% risk of failure)
Press: ? - help, Shift-Dir - straight line, f/p - Terence
Aim: Terence, wielding a +0 mace of venom, wearing a +0 chain mail and quivering stones (chance to affect: 58%) Terence resists with significant effort.
* * * LOW HITPOINT WARNING * * *
Terence hits you with a +0 mace of venom.
* * * LOW HITPOINT WARNING * * *
Casting: Slow (safe; 6% risk of failure)
Confirm with . or Enter, or press ? or * to list all spells.
Aiming: Slow (safe; 6% risk of failure)
Press: ? - help, Shift-Dir - straight line, f/p - Terence
Aim: Terence, wielding a +0 mace of venom, wearing a +0 chain mail and quivering stones (chance to affect: 58%) Terence seems to slow down.
* * * LOW HITPOINT WARNING * * *
Terence misses you.
Terence throws a stone.
The stone barely misses you.
Your magical contamination has completely faded away.
Terence says, "Time to say good-bye..."
Terence throws a stone.
The stone hits you.
You die...

#........†.#..###..........#
#####.####.#.## #..........#
#.# #.#.# #..........# #.##
#.#.# #..........# #..#
#...## #..........# ##.#
###..###..........#
#.#####..<....(.......#
#.......#..#..........#
######..@.##..........#
#####........####.####
#..>...##........><# ###
#.##.÷.###.#..######*#..
######.##.#.#
#..#..#*≈≈≈≈###
#......##.#.#
##.##..*≈≈≈≈###
#.........#.# #.#**,+≈≈≈≈+..
#......@###.# #.# ***≈≈≈≈#..
###.###.# #.#* #.###
*≈≈≈≈#.#


You could see Terence (slow).

Vanquished Creatures
  3 dart slugs
  6 ball pythons
  4 endoplasms
  4 giant cockroaches
  3 goblins
  5 hobgoblins
  5 quokkas
  4 bats (D:2)
  2 frilled lizards (D:1)
  5 kobolds
  5 rats
46 creatures vanquished.

Notes
Turn   | Place    | Note
-------+----------+-------------------------------------------
     0 | D:1      | Murumi the Djinni Arcane Marksman began the quest for the
                  | Orb.
     0 | D:1      | Reached XP level 1. HP: 17/17 MP: 0/0
    51 | D:1      | Reached XP level 2. HP: 21/22 MP: 0/0
    64 | D:1      | You are sucked into a shaft and drop 1 floor!
   455 | D:1      | Reached XP level 3. HP: 27/27 MP: 0/0
   455 | D:1      | Learned a level 1 spell: Shock
   673 | D:1      | Found a faded altar of an unknown god.
   908 | D:2      | Noticed Terence
  1113 | D:2      | Reached XP level 4. HP: 32/32 MP: 0/0
  1414 | D:2      | Hit by a stone thrown by Terence

Illustrated notes

Levels and vault maps discovered:
D:1:      minmay_arrival_five_plusses, layout_basic,
          dreamdust_ecumenical_altar_angels_and_demons
D:2:      layout_rooms, chequers_serial_rivers_room_b, uniq_terence

Skill      XL: |  1  2  3 |
---------------+----------+-----
Crossbows      | 2 |  2.0
Spellcasting   | 3 |  3.0
Dodging        | 3 |  3.0
Fighting       | |  1.8

Action                   |  1- 3 |  4- 6 || total
-------------------------+-------+-------++-------
Melee: Dagger            |    11 |       ||    11
       Short sword       |    49 |    37 ||    86
       Punch             |       |     1 ||     1
 Fire: Hand crossbow     |    67 |    22 ||    89
 Cast: Slow              |       |     5 ||     5
  Use: Scroll            |     5 |     2 ||     7
 Stab: Sleeping          |     1 |       ||     1
Armor: Ring mail         |    29 |     5 ||    34
       Robe              |     2 |       ||     2
Dodge: Dodged            |    51 |    24 ||    75

Table legend: (Time is in decaauts)
 A = Elapsed time spent in this place.
 B = Non-inter-level travel time spent in this place.
 C = Inter-level travel time spent in this place.
 D = Time resting spent in this place.
 E = Time spent auto-exploring this place.
 F = Levels seen in this place.
 G = Mean time per level.
                   A        B        C        D        E       F      G
               +--------+--------+--------+--------+--------+-----+--------+
         Total |   1455 |   1344 |    111 |      0 |    900 |   2 |  727.5 |
       Dungeon |   1455 |   1344 |    111 |      0 |    900 |   2 |  727.5 |
               +--------+--------+--------+--------+--------+-----+--------+

Top non-repeatable levels by time:
     D:1: 818 daAuts
     D:2: 637 daAuts
